 Dungeon Crawl Stone Soup version 0.20.1-1-g8b1a95d (webtiles) character file.

124 Nidhoragg the Grave Robber (level 5, 0/35 HPs)
             Began as a Human Necromancer on July 30, 2017.
             Was an Initiate of Yredelemnul.
             Killed from afar by Sigmund (4 damage)
             ... with a magic dart
             ... on level 3 of the Dungeon.
             The game lasted 00:37:18 (2595 turns).

Nidhoragg the Grave Robber (Human Necromancer)      Turns: 2595, Time: 00:37:18

Health: 0/35       AC:  4    Str:  8    XL:     5   Next: 30%
Magic:  1/10       EV: 12    Int: 16    God:    Yredelemnul [......]
Gold:   148        SH:  0    Dex: 14    Spells: 6/11 levels left

rFire    . . .     SeeInvis .   (no weapon)
rCold    . . .     Gourm    .   (no shield)
rNeg     . . .     Faith    .   e - +2 robe {MR+}
rPois    .         Spirit   .   (no helmet)
rElec    .         Reflect  .   (no cloak)
rCorr    .         Harm     .   (no gloves)
MR       +....                  (no boots)
Stlth    +++.......             (no amulet)
Regen    0.2/turn               l - ring of stealth
MPRegen  0.2/turn               (no ring)

@: very slightly contaminated
A: no striking features
a: Renounce Religion


You were on level 3 of the Dungeon.
You worshipped Yredelemnul.
Yredelemnul was noncommittal.
You were not hungry.

You visited 1 branch of the dungeon, and saw 3 of its levels.

You collected 148 gold pieces.

Inventory:

Armour
 a - a +0 robe
 e - a +2 robe of magic resistance (worn)
Jewellery
 l - a ring of stealth (left hand)
 p - an uncursed ring of flight
Wands
 o - a wand of lightning (3/15)
Scrolls
 f - a scroll of recharging {unknown}
 h - 4 scrolls of identify
Potions
 d - a potion of magic {unknown}
 i - a potion of ambrosia {unknown}
 j - 3 potions of haste {unknown}
 k - a potion of brilliance {unknown}
 n - a potion of heal wounds {unknown}
 q - 2 potions of curing {unknown}
 r - a potion of resistance {unknown}
 s - a potion of degeneration {unknown}
Books
 b - a book of Necromancy

   Spells                             Type                      Level
   a - Pain                           Necromancy                   1
   b - Animate Skeleton               Necromancy                   1
   c - Vampiric Draining              Necromancy                   3
   d - Regeneration                   Charms/Necromancy            3
   e - Animate Dead                   Necromancy                   4
   f - Control Undead                 Necromancy                   4
Comestibles
 c - 3 bread rations
 g - 2 meat rations
 m - 2 chunks of flesh


   Skills:
 + Level 2.2 Dodging
 + Level 2.0 Stealth
 + Level 0.4 Unarmed Combat
 + Level 3.5 Spellcasting
 + Level 5.0 Necromancy


You had 6 spell levels left.
You knew the following spells:

 Your Spells              Type           Power        Failure   Level  Hunger
a - Pain                  Necr           ###.         2%          1    None
b - Animate Skeleton      Necr           N/A          2%          1    None
c - Vampiric Draining     Necr           ###.......   7%          3    ###....


Dungeon Overview and Level Annotations

Branches:
Dungeon (3/15)

Altars:
Fedhas
Hepliaklqana
Sif Muna
Uskayaw
Xom
Yredelemnul
Zin

Annotations:
D:3 Sigmund


Message History

Sigmund shouts!
Casting: Pain
Confirm with . or Enter, or press ? or * to list all spells.
Aiming: Pain
Press: ? - help, Shift-Dir - straight line, f/p - Sigmund
Aim: Sigmund, wielding a scythe and wearing a robe (heavily wounded, chance to defeat MR: 84%) Sigmund writhes in agony!
Sigmund gestures at you while chanting. The puff of flame hits you!
* * * LOW HITPOINT WARNING * * *
Casting: Pain
Confirm with . or Enter, or press ? or * to list all spells.
Aiming: Pain
Press: ? - help, Shift-Dir - straight line, f/p - Sigmund
Aim: Sigmund, wielding a scythe and wearing a robe (severely wounded, chance to defeat MR: 84%) Sigmund writhes in agony!
Sigmund gestures at you while chanting. The magic dart hits you!
You die...
Your body rises from the dead as a mindless zombie.

...#.##....Z.Z.#
#.....#,**,*,,**
.............###
#######,,,,,,,,,
...#######...# *******,**
...# ##.####### *,* ...#
#.#.....# *******,* .###
#.#.#*#.# *,,,,,,,* ..##
#...# #.# *,*******
##.###### ###.###.# *,*
#......## #...@.#####*,*
##..#....######...@......*
............# ###########*
......#..##.#
..###.#..##.#
Z.###.#.....#
........###.#
....#.#####.#
....#......Z#


You could see Sigmund.

Vanquished Creatures
  An orc priest (D:3)
  3 adders
  2 dart slugs
  3 leopard geckos
  2 orcs (D:3)
  2 bats (D:1)
  A giant cockroach (D:1)
  4 goblins
  6 hobgoblins
  3 jackals (D:1)
  A quokka (D:2)
  A ball python (D:1)
  3 frilled lizards
  10 kobolds
  5 rats
47 creatures vanquished.

Vanquished Creatures (collateral kills)
  A leopard gecko (D:2)
  A giant cockroach (D:1)
  2 goblins
  2 hobgoblins
  A jackal (D:1)
  A bat (D:2)
  A kobold (D:1)
9 creatures vanquished.

Grand Total: 56 creatures vanquished

Notes
Turn   | Place    | Note
-------+----------+-------------------------------------------
     0 | D:1      | Nidhoragg the Human Necromancer began the quest for the Orb.
     0 | D:1      | Reached XP level 1. HP: 13/13 MP: 3/3
     2 | D:1      | Learned a level 1 spell: Animate Skeleton
   203 | D:1      | Reached XP level 2. HP: 14/19 MP: 1/5
   547 | D:1      | Reached XP level 3. HP: 19/24 MP: 0/6
   820 | D:1      | Learned a level 3 spell: Vampiric Draining
  1234 | D:2      | Reached XP level 4. HP: 27/30 MP: 4/8
  1516 | D:2      | Found a basalt altar of Yredelemnul.
  1523 | D:2      | Became a worshipper of Yredelemnul the Dark
  1971 | D:3      | Found a glowing silver altar of Zin.
  2133 | D:3      | Found a deep blue altar of Sif Muna.
  2175 | D:3      | Reached skill level 5 in Necromancy
  2175 | D:3      | Reached XP level 5. HP: 18/35 MP: 2/10
  2345 | D:3      | Found a shimmering altar of Xom.
  2507 | D:3      | Found a blossoming altar of Fedhas.
  2507 | D:3      | Found a faded altar of an unknown god.
  2512 | D:3      | Found a hide-covered altar of Uskayaw.
  2517 | D:3      | Found a hazy altar of Hepliaklqana.
  2519 | D:3      | Found a faded altar of an unknown god.
  2576 | D:3      | Noticed Sigmund
  2595 | D:3      | Killed from afar by Sigmund

Skill      XL: |  1  2  3  4 |
---------------+-------------+-----
Spellcasting   | 3 |  3.5
Necromancy     | 5 |  5.0
Dodging        | |  2.2
Stealth        | |  2.0
Unarmed Combat | |  0.4

Action                   |  1- 3 |  4- 6 || total
-------------------------+-------+-------++-------
Melee: Unarmed           |    13 |       ||    13
 Cast: Pain              |    47 |    59 ||   106
       Animate Skeleton  |     8 |    13 ||    21
  Use: Scroll            |     1 |     3 ||     4
  Eat: Chunk             |     2 |     4 ||     6
Armor: Robe              |    16 |     2 ||    18
Dodge: Dodged            |    27 |     3 ||    30
